 Dungeon Crawl Stone Soup version 0.20-a0-1101-g1de9d76 (webtiles) character file.

1880 grindst0ne the Fighter (level 9, -2/60 HPs)
             Began as a Gargoyle Gladiator on May 4, 2017.
             Was a Follower of Wu Jian.
             Slain by an orc warrior
             ... wielding a +0 halberd
              (16 damage)
             ... on level 7 of the Dungeon.
             The game lasted 00:17:04 (6795 turns).

grindst0ne the Fighter (Gargoyle Gladiator)         Turns: 6795, Time: 00:17:06

Health: -2/60      AC: 11    Str: 22    XL:     9   Next: 14%
Magic:  18/18      EV: 12    Int:  8    God:    Wu Jian [*.....]
Gold:   414        SH:  7    Dex: 11    Spells: 8/8 levels left

rFire    . . .     SeeInvis .   E - +2 short sword (venom)
rCold    . . .     Gourm    .   H - +0 shield
rNeg     + . .     Faith    .   b - +0 leather armour
rPois    ∞         Spirit   .   c - +1 helmet
rElec    +         Reflect  .   A - scarf {cloud immunity}
rCorr    .         Harm     .   s - +0 pair of gloves
MR       .....     Clarity  +   (no boots)
Stlth    +.........             (no amulet)
Regen    0.2/turn               I - ring of magical power
MPRegen  0.2/turn               C - +3 ring of evasion

@: no status effects
A: big wings, clarity, negative energy resistance 1, electricity resistance,
unbreathing, petrification resistance, rot immunity, AC +5
a: Fly, Renounce Religion


You were on level 7 of the Dungeon.
You worshipped Wu Jian.
Wu Jian was aware of your devotion.
You were not hungry.

You visited 1 branch of the dungeon, and saw 7 of its levels.
You also visited: Sewer.

You collected 414 gold pieces.

Inventory:

Hand Weapons
 a - a +0 flail
 j - a cursed -3 spear
 w - a +0 scythe of venom
 E - a +2 short sword of venom (weapon)
Missiles
 d - 3 throwing nets (quivered)
 u - 3 tomahawks
Armour
 b - a +0 leather armour (worn)
 c - a +1 helmet (worn)
 q - a +0 cloak
 s - a +0 pair of gloves (worn)
 A - a scarf of cloud immunity (worn)
 F - a +0 helmet
 H - a +0 shield (worn)
Jewellery
 C - a +3 ring of evasion (right hand)
 I - a ring of magical power (left hand)
Wands
 g - a wand of confusion (37/48)
 v - a wand of flame (35/48)
 B - a wand of random effects (20/48)
 D - a wand of digging (11/24)
Scrolls
 e - 2 scrolls of immolation
 i - 11 scrolls of identify
 l - 2 scrolls of recharging
 n - a scroll of teleportation
 o - 7 scrolls of remove curse
 x - 2 scrolls of enchant weapon
 y - a scroll of amnesia
 K - 3 scrolls of magic mapping
Potions
 h - 4 potions of haste
 k - a potion of flight
 p - 2 potions of curing
 r - a potion of cancellation
 z - a potion of berserk rage
 G - a potion of magic
 J - a potion of degeneration {unknown}
Comestibles
 f - 4 bread rations
 m - a meat ration
 t - 3 royal jellies


   Skills:
 + Level 9.3 Fighting
 + Level 8.7 Maces & Flails
 - Level 1.7 Throwing
 - Level 2.4 Dodging


You had 8 spell levels left.
You didn't know any spells.

Dungeon Overview and Level Annotations

Branches:
Dungeon (7/15)             Temple (0/1) D:5

Altars:
Ashenzari
Cheibriados
Elyvilon
Gozag
Nemelex Xobeh
Qazlal
Ru
Trog
Vehumet
Wu Jian
Zin
The Shining One


Innate Abilities, Weirdness & Mutations

You are resistant to torment.
Your stone body is resilient. (AC +5)
You are immune to poison.
You resist negative energy. (rN+)
You are resistant to electric shocks. (rElec)
You can survive without breathing.
You are immune to petrification.
You are immune to rotting.
Your large and strong wings let you fly indefinitely.
You possess an exceptional clarity of mind.


Message History

The orc wizard barely misses you.
The orc priest hits you with a trident of pain.
The orc barely misses you. You block the orc warrior's attack.
The orc wizard gestures at you while chanting.
The magic dart hits you! You block the orc priest's attack.
You hit the orc priest.
The orc priest looks as sick as possible!
The orc priest is severely wounded.
You kill the orc priest!
The Council accepts your kill. The orc wizard misses you. The orc misses you.
You block the orc warrior's attack. The ogre closely misses you.
The orc wizard casts a spell at you. The puff of frost hits you!
* * * LOW HITPOINT WARNING * * *
You spin and attack the orc.
You closely miss the orc.
The orc is almost dead.
The orc hits you but does no damage.
The orc warrior hits you from afar with a halberd!
You die...

#...#....#........#...........#
#...#....#........#...........#
##..##...#........#...##..##..#
####(...#........#...######..#
#..#########..##...# ...#
##..########..##...# ...#
#......#..o#.......# ...#
#......#..Ooo.....##
#......#...#@.(...##
#......#...#.......#
##...###..##..##...# ##### #..
#..##...# ... #.......# ...
#......## #... #......##
#.......# #.......#


You could see an orc warrior, an ogre, an orc wizard and an orc.

Vanquished Creatures
  Sigmund (D:4)
  A black bear (D:6)
  An orc warrior (D:7)
  A sky beast (D:5)
  An ice beast (D:6)
  4 ogres
  2 bullfrogs (D:7)
  A scorpion (D:7)
  A killer bee (D:7)
  A bullfrog zombie (D:6)
  3 crimson imps
  An orc priest (D:7)
  2 hounds
  4 orc wizards
  An iguana (D:5)
  4 worker ants
  A hound zombie (D:5)
  A hound skeleton (D:5)
  Robin (D:4)
  13 adders
  2 river rats (D:4)
  An ooze (D:2)
  An adder zombie (D:5)
  An adder skeleton (D:6)
  4 worms
  4 dart slugs
  3 leopard geckos
  15 orcs
  5 giant cockroaches
  10 goblins
  13 hobgoblins
  11 jackals
  4 quokkas
  2 ball pythons
  A ball python skeleton (D:4)
  8 bats
  A frilled lizard (D:5)
  A jackal zombie (D:5)
  2 kobolds
  A leopard gecko skeleton (D:4)
  2 quokka skeletons
  19 rats
156 creatures vanquished.

Notes
Turn   | Place    | Note
-------+----------+-------------------------------------------
     0 | D:1      | grindst0ne the Gargoyle Gladiator began the quest for the Orb.
     0 | D:1      | Reached XP level 1. HP: 12/12 MP: 1/1
   214 | D:1      | Reached XP level 2. HP: 14/18 MP: 2/2
   816 | D:2      | Reached skill level 3 in Fighting
   816 | D:2      | Reached XP level 3. HP: 19/23 MP: 3/3
  1203 | D:2      | Reached XP level 4. HP: 25/28 MP: 4/4
  1562 | D:2      | Found a glowing golden altar of the Shining One.
  1893 | D:3      | Reached skill level 4 in Fighting
  2142 | D:3      | Reached XP level 5. HP: 27/33 MP: 5/5
  2674 | D:3      | Found a faded altar of an unknown god.
  2844 | D:4      | Found a glowing drain.
  2898 | Sewer    | Entered a sewer
  3194 | D:4      | Noticed Sigmund
  3205 | D:4      | Killed Sigmund
  3205 | D:4      | Reached skill level 5 in Fighting
  3205 | D:4      | Reached skill level 5 in Maces & Flails
  3205 | D:4      | Reached XP level 6. HP: 40/40 MP: 6/6
  3242 | D:4      | Noticed Robin
  3268 | D:4      | Killed Robin
  3531 | D:4      | Found a sparkling altar of Nemelex Xobeh.
  3536 | D:4      | Reached XP level 7. HP: 29/45 MP: 7/7
  3549 | D:4      | Reached skill level 6 in Fighting
  3897 | D:4      | Found a glowing silver altar of Zin.
  4145 | D:5      | Entered Level 5 of the Dungeon
  4244 | D:5      | Found an ornate altar of the Wu Jian Council.
  4249 | D:5      | Became a worshipper of the Wu Jian Council
  4261 | D:5      | Found a staircase to the Ecumenical Temple.
  4281 | D:5      | Gained mutation: You possess an exceptional clarity of mind. [potion of mutation]
  4281 | D:5      | Gained mutation: Your large and strong wings let you fly indefinitely. [potion of mutation]
  4713 | D:5      | Found a stormy altar of Qazlal.
  4858 | D:5      | Reached skill level 7 in Fighting
  4858 | D:5      | Reached XP level 8. HP: 48/53 MP: 8/8
  5047 | D:6      | Found an opulent altar of Gozag.
  5084 | D:6      | Found a white marble altar of Elyvilon.
  5085 | D:6      | Found a radiant altar of Vehumet.
  5086 | D:6      | Found a glowing golden altar of the Shining One.
  5087 | D:6      | Found a snail-covered altar of Cheibriados.
  5088 | D:6      | Found a shattered altar of Ashenzari.
  5088 | D:6      | Found a bloodstained altar of Trog.
  5240 | D:6      | Reached skill level 8 in Fighting
  5266 | D:6      | Found a sacrificial altar of Ru.
  6256 | D:7      | Reached * piety under Wu Jian
  6506 | D:7      | Reached XP level 9. HP: 60/60 MP: 9/9
  6550 | D:7      | Reached skill level 9 in Fighting
  6795 | D:7      | Slain by an orc warrior

Vault maps used:
D:1:      ncdulo_smallfort, nrook_loot_triangle
D:2:      tso_altar
D:3:      chequers_ecumenical_altar_simple, minmay_distorted
D:4:      nemelex_xobeh_ov_fountains_minmay, zin_treasury, portal_sewer_entry_c,
          first_bread, uniq_sigmund, uniq_robin
D:5:      kennysheep_little_box, nicolae_qazlal_general_emergency,
          temple_statues
D:6:      grunt_temple_overflow_open, nicolae_overflow_crystal_walls,
          grunt_gozag_breadcrumbs
D:7:      minmay_misc_feat_columns
Sewer:    sewer_kobolds

Skill      XL: |  1  2  3  4  5  6  7  8  9 |
---------------+----------------------------+-----
Fighting       | 3 4 5 7 8 9 |  9.3
Maces & Flails | 4 5 6 8 |  8.7
Throwing       | |  1.7
Dodging        | |  2.4

Action                   |  1- 3 |  4- 6 |  7- 9 || total
-------------------------+-------+-------+-------++-------
Melee: Flail             |    95 |   171 |       ||   266
       Scythe            |       |    37 |       ||    37
       Short sword       |       |    25 |   296 ||   321
  Use: Scroll            |       |       |    11 ||    11
       Potion            |       |       |     8 ||     8
  Eat: Chunk             |     1 |     8 |    11 ||    20
Armor: Leather armour    |    33 |   116 |   152 ||   301
Dodge: Dodged            |    72 |   235 |   191 ||   498
Block: Shield            |       |       |   139 ||   139
